 Dungeon Crawl Stone Soup version 0.17-a0-755-g4391640 (webtiles) character file.

2 ololoev the Skirmisher (level 1, -1/19 HPs)
             Began as a Demigod Wanderer on Apr 22, 2015.
             Slain by a hobgoblin
             ... wielding a +0 club
              (2 damage)
             ... on level 1 of the Dungeon.
             The game lasted 00:00:55 (109 turns).

ololoev the Skirmisher (Demigod Wanderer)            Turns: 109, Time: 00:00:55

Health: -1/19      AC:  5    Str: 15    XL:     1   Next: 26%
Magic:  3/3        EV: 10    Int: 17    God:
Gold:   11         SH:  0    Dex: 14    Spells: 0 memorised, 0 levels left

rFire  . . .     SeeInvis .     a - +2 mace
rCold  . . .     Clarity  .     b - +0 ring mail
rNeg   . . .     SustAb   +     (no shield)
rPois  .         Gourm    .     (no helmet)
rElec  .         Spirit   .     (no cloak)
rCorr  .         Warding  .     (no gloves)
rMut   .         Stasis   .     (no boots)
MR     .....                    (no amulet)
Stlth  +.........               (no ring)
                                (no ring)

@: not resistant to hostile enchantments, very unstealthy
A: high mp 1, sustain abilities
a: no special abilities


Innate Abilities, Weirdness & Mutations

You have an increased reservoir of magic (+10% MP).
Your attributes are resistant to harm.

Inventory:

Hand weapons
 a - a +2 mace (weapon)
Armour
 b - a +0 ring mail (worn)
Potions
 c - a potion of curing
Comestibles
 d - 2 chunks of flesh
 e - a bread ration


   Skills:
 + Level 3.6 Fighting
 * Level 2.0 Maces & Flails
 - Level 1.0 Throwing
 + Level 0.0 Armour
 - Level 1.0 Dodging
 - Level 1.7 Stealth


You couldn't memorise any spells.
You didn't know any spells.


You were on level 1 of the Dungeon.
You were not hungry.

You visited 1 branch of the dungeon, and saw 1 of its levels.

You collected 11 gold pieces.

#################
#c#h#O#M#p#p#n#d####
#################..#
..............gg@.<#
#################..#
#9#K#H#N#g#T#p#x####
#################

Notes
Turn   | Place    | Note
--------------------------------------------------------------
     0 | D:1      | ololoev, the Demigod Wanderer, began the quest for the Orb.
     0 | D:1      | ololoev set off with: a +2 mace, a +0 ring mail, a potion of curing, a +0 dagger, a bread ration
     0 | D:1      | Reached XP level 1. HP: 19/19 MP: 3/3
     4 | D:1      | Noticed a draconian
     4 | D:1      | Noticed an octopode
     6 | D:1      | Noticed a ghoul
     6 | D:1      | Noticed a human
     8 | D:1      | Noticed a troll
    10 | D:1      | Noticed a demigod
    10 | D:1      | Noticed a dwarf
    12 | D:1      | Noticed a naga
    14 | D:1      | Noticed an ogre
    14 | D:1      | Noticed a minotaur
    16 | D:1      | Noticed a felid
    18 | D:1      | Noticed a centaur
    18 | D:1      | Noticed a gargoyle
    20 | D:1      | Noticed a merfolk
    22 | D:1      | Noticed a demonspawn
    22 | D:1      | Noticed a spriggan
    24 | D:1      | Noticed an elf
    26 | D:1      | Noticed a vine stalker
    26 | D:1      | Noticed a vampire
    28 | D:1      | Noticed a formicid
    28 | D:1      | Noticed a tengu
   109 | D:1      | Slain by a hobgoblin

Dungeon Overview and Level Annotations

Branches:
Dungeon (1/15)


Message History

The kobold shouts!
The minotaur bellows!
The naga shouts!
The demigod shouts!
The dwarf shouts!
The halfling shouts!
The troll shouts!
The human shouts!
There is an open door here.
You hit the goblin.
You kill the goblin!
Your Maces & Flails skill increases to level 2!
You hit the hobgoblin but do no damage.
The hobgoblin hits you but does no damage.
You closely miss the hobgoblin. The hobgoblin hits you with a club.
You barely miss the hobgoblin.
The hobgoblin hits you but does no damage.
You hit the hobgoblin.
The hobgoblin is heavily wounded.
The hobgoblin hits you with a club. The hobgoblin completely misses you.
You hit the hobgoblin but do no damage.
The hobgoblin is moderately wounded.
The hobgoblin hits you with a club.
You barely miss the hobgoblin.
The hobgoblin is moderately wounded.
The hobgoblin barely misses you.
You barely miss the hobgoblin.
The hobgoblin is moderately wounded.
The hobgoblin hits you but does no damage.
You hit the hobgoblin.
The hobgoblin is almost dead.
The hobgoblin closely misses you.
Your ring mail prevents you from hitting the hobgoblin.
The hobgoblin is almost dead.
The hobgoblin hits you with a club.
You barely miss the hobgoblin.
The hobgoblin is almost dead.
The hobgoblin hits you but does no damage.
You hit the hobgoblin but do no damage.
The hobgoblin is almost dead.
The hobgoblin barely misses you. The hobgoblin hits you with a club.
You die...

You could see a draconian, an octopode, a hobgoblin and a goblin.

Vanquished Creatures
  A goblin (D:1)
  A hobgoblin (D:1)
2 creatures vanquished.

Action                   || total
-------------------------++-------
Melee: Mace              ||    18

Vault maps used:
D:1:      kb_arrival_jail
